 Dungeon Crawl Stone Soup version 0.29-a0-653-gd47aff6735 (webtiles) character file.

Game seed: 5730450643849383956

350643 ytrimaz the Thanatomancer (level 22, -10/219 HPs)
             Began as an Octopode Transmuter on June 21, 2022.
             Was an Elder of Ashenzari.
             Mangled by a storm dragon (28 damage)
             ... on level 3 of the Vaults.
             The game lasted 01:46:23 (53009 turns).

ytrimaz the Thanatomancer (Octopode Transmuter)    Turns: 53009, Time: 01:46:24

Health: -10/219    AC: 35    Str: 16    XL:     22   Next: 21%
Magic:  18/42      EV: 26    Int: 24    God:    Ashenzari [****..]
Gold:   4786       SH:  0    Dex: 17    Spells: 9/53 levels left

rFire   + . .      SeeInvis +     - Unarmed
rCold   + . .      Faith    .   (no shield)
rNeg    + . .      Spirit   .   g - +2 hat "Lashed Regret" {Will+, Alch, Bglg} (curse)
rPois   ∞          Reflect  .   r - amulet of Ashenzari's Mysticism {Acrobat, Cun, Bglg} (curse)
rElec   +          Harm     .   Y - ring of Jaz Maqe {rElec rPois rF+ Dex-2}
rCorr   +          Rampage  .   l - ring of Ashenzari's Ethics {EV+4, Cun, Self} (curse)
Will    +++..      Clarity  +   z - ring of Panopticon {AC+4, Alch, Elem} (curse)
Stlth   +++++++...              y - ring of Ashenzari's Bitterness {Wiz rPois Dex+5, Melee, Elem} (curse)
HPRegen 0.46/turn               C - ring of Ouranomancy {Wiz, Elem, Melee} (curse)
MPRegen 0.28/turn               J - ring of the Enlightened Loss {rC+, Range, Alch} (curse)
                                I - ring "Share My Paranoia" {Will+ Stlth+, Comp, Self} (curse)
                                e - ring "Zoqanik" {rPois rCorr Str+6}

@: about to teleport, statue-form, wereblooded, very slow
A: slow and powerful, torment resistance 1, boosted hp, almost no armour,
amphibious, 8 rings, camouflage 1, (gelatinous body 1), (nimble swimmer 1),
tentacles
}: 2/15 runes: decaying, gossamer
a: End Transformation, Renounce Religion, Shatter the Chains


You were on level 3 of the Vaults.
You worshipped Ashenzari.
Ashenzari was greatly pleased with you.
You were a living statue of rough stone.
You visited 8 branches of the dungeon, and saw 38 of its levels.
You also visited: Ice Cave, Volcano and Desolation.

You collected 7070 gold pieces.
You spent 2284 gold pieces at shops.

Inventory:

Armour
 g - the cursed +2 hat "Lashed Regret" (worn) {Will+, Alch, Bglg}
   (You took it off Gastronok on level 8 of the Dungeon)

   It has a curse which improves the following skills: Alchemy: Poison Magic and
   Transmutations.
   Beguiling: Conjurations, Hexes and Translocations.
Jewellery
 e - the ring "Zoqanik" (on tentacle) {rPois rCorr Str+6}
   (You found it on level 3 of the Vaults)

   [ring of strength]

   Str:       It affects your strength (+6).
   rPois:     It protects you from poison.
   rCorr:     It protects you from acid and corrosion.
 l - the cursed ring of Ashenzari's Ethics (right tentacle) {EV+4, Cun, Self}
   (You found it on level 3 of the Dungeon)

   [ring of evasion]

   EV:        It affects your evasion (+4).
   It has a curse which improves the following skills: Cunning: Dodging and
   Stealth.
   Introspection: Fighting and Spellcasting.
 r - the cursed amulet of Ashenzari's Mysticism (around mantle) {Acrobat, Cun, Bglg}
   (You found it on level 5 of the Dungeon)

   [amulet of the acrobat]

   It increases your evasion while moving and waiting.
   It has a curse which improves the following skills: Cunning: Dodging and
   Stealth.
   Beguiling: Conjurations, Hexes and Translocations.
 y - the cursed ring of Ashenzari's Bitterness (on tentacle) {Wiz rPois Dex+5, Melee, Elem}
   (You bought it in a shop on level 12 of the Dungeon)

   [ring of wizardry]

   It improves your spell success rate.
   Dex:       It affects your dexterity (+5).
   rPois:     It protects you from poison.
   It has a curse which improves the following skills: Melee Combat: Short
   Blades, Long Blades, Axes, Maces & Flails, Polearms, Staves and Unarmed
   Combat.
   Elements:  Fire Magic, Ice Magic, Air Magic and Earth Magic.
 z - the cursed ring of Panopticon (on tentacle) {AC+4, Alch, Elem}
   (You found it on level 9 of the Dungeon)

   [ring of protection]

   AC:        It affects your AC (+4).
   It has a curse which improves the following skills: Alchemy: Poison Magic and
   Transmutations.
   Elements:  Fire Magic, Ice Magic, Air Magic and Earth Magic.
 C - the cursed ring of Ouranomancy (on tentacle) {Wiz, Elem, Melee}
   (You bought it in a shop on level 12 of the Dungeon)

   [ring of wizardry]

   It improves your spell success rate.
   It has a curse which improves the following skills: Elements: Fire Magic, Ice
   Magic, Air Magic and Earth Magic.
   Melee Combat: Short Blades, Long Blades, Axes, Maces & Flails, Polearms,
   Staves and Unarmed Combat.
 I - the cursed ring "Share My Paranoia" (on tentacle) {Will+ Stlth+, Comp, Self}
   (You found it on level 2 of the Lair of Beasts)

   [ring of willpower]

   Will:      It increases your willpower.
   Stlth:     It makes you more stealthy.
   It has a curse which improves the following skills: Companions: Summonings
   and Necromancy.
   Introspection: Fighting and Spellcasting.
 J - the cursed ring of the Enlightened Loss (on tentacle) {rC+, Range, Alch}
   (You found it on level 2 of the Lair of Beasts)

   [ring of protection from cold]

   rC:        It protects you from cold.
   It has a curse which improves the following skills: Ranged Combat: Slings,
   Bows, Crossbows and Throwing.
   Alchemy:   Poison Magic and Transmutations.
 Y - the ring of Jaz Maqe (left tentacle) {rElec rPois rF+ Dex-2}
   (You found it in the Desolation of Salt)

   [ring of poison resistance]

   Dex:       It affects your dexterity (-2).
   rF:        It protects you from fire.
   rElec:     It insulates you from electricity.
   rPois:     It protects you from poison.
Wands
 d - a wand of polymorph (18)
 k - a wand of iceblast (23)
 w - a wand of flame (76)
 A - a wand of acid (28)
 F - a wand of mindburst (24)
 O - a wand of digging (7)
 P - a wand of paralysis (17)
Scrolls
 i - 5 scrolls of vulnerability
 j - 8 scrolls of blinking
 p - 4 scrolls of fear
 s - 16 scrolls of fog
 t - 4 scrolls of silence
 u - 5 scrolls of noise
 v - 11 scrolls of teleportation
 x - a scroll of acquirement
 B - 2 scrolls of brand weapon
 G - 2 scrolls of summoning
 H - 3 scrolls of magic mapping
 M - 2 scrolls of enchant weapon
 N - 7 scrolls of poison
 T - 2 scrolls of amnesia
 U - 6 scrolls of enchant armour
Potions
 a - 4 potions of might
 b - 11 potions of heal wounds
 c - 17 potions of curing
 f - 2 potions of flight
 h - 5 potions of brilliance
 m - 6 potions of cancellation
 n - 5 potions of magic
 o - 9 potions of ambrosia
 q - 8 potions of attraction
 E - 3 potions of invisibility
 K - 4 potions of resistance
 Q - 5 potions of haste
 S - 2 potions of berserk rage
 Z - 6 potions of mutation


   Skills:
 - Level 16.7(19.5) Fighting
 - Level 13.6(16.5) Dodging
 - Level 8.5(11.5) Stealth
 + Level 11.6(14.5) Unarmed Combat
 - Level 13.6(16.4) Spellcasting
 - Level 22.1(23.8) Necromancy
 - Level 12.7(16.5) Transmutations
 - Level 8.0(11.9) Ice Magic
 - Level 9.5(13.4) Earth Magic
 - Level 4.0(7.4) Poison Magic


You had 9 spell levels left.
You knew the following spells:

 Your Spells              Type           Power      Damage    Failure   Level
a - Eringya's Noxious Bo  Tmut/Pois      33%        N/A       1%          6
b - Wereblood             Tmut           78%        N/A       0%          2
c - Leda's Liquefaction   Hex/Erth       26%        N/A       1%          4
d - Olgreb's Toxic Radia  Pois           54%        N/A       1%          4
e - Dragon Form           Tmut           39%        N/A       1%          7
f - Statue Form           Tmut/Erth      50%        N/A       1%          6
g - Necromutation         Tmut/Necr      43%        N/A       1%          8
h - Ice Form              Ice/Tmut       73%        N/A       1%          4
i - Ozocubu's Armour      Ice            67%        N/A       1%          3

Your spell library contained the following spells:

 Spells                   Type           Power      Damage    Failure   Level
 Beastly Appendage        Tmut           100%       N/A       0%          1
 Necrotize                Necr           100%       1d9       0%          1
 Sandblast                Erth           100%       2d20      0%          1
 Sting                    Tmut/Pois      100%       1d8       0%          1
 Passwall                 Tmut/Erth      62%        N/A       0%          2
 Sublimation of Blood     Necr           94%        N/A       0%          2
 Vampiric Draining        Necr           94%        2d12      0%          3
 Animate Dead             Necr           94%        N/A       0%          4
 Dispel Undead            Necr           94%        3d30      0%          4
 Death Channel            Necr           47%        N/A       0%          6
 Foxfire                  Conj/Fire      88%        2x1d8     1%          1
 Magic Dart               Conj           84%        1d7       1%          1
 Shock                    Conj/Air       88%        1d8       1%          1
 Call Imp                 Summ           20%        N/A       1%          2
 Ensorcelled Hibernation  Hex/Ice        98%        N/A       1%          2
 Poisonous Vapours        Pois/Air       78%        N/A       1%          2
 Searing Ray              Conj           42%        2d6       1%          2
 Static Discharge         Conj/Air       22%        N/A       1%          2
 Conjure Flame            Conj/Fire      22%        6-21      1%          3
 Dazzling Flash           Conj/Hex       42%        N/A       1%          3
 Frozen Ramparts          Ice            100%       1d12      1%          3
 Gell's Gravitas          Tloc           21%        N/A       1%          3
 Ignite Poison            Fire/Tmut/Pois 56%        N/A       1%          3
 Inner Flame              Hex/Fire       22%        N/A       1%          3
 Mephitic Cloud           Conj/Pois/Air  33%        N/A       1%          3
 Portal Projectile        Hex/Tloc       42%        N/A       1%          3
 Spider Form              Tmut/Pois      67%        N/A       1%          3
 Stone Arrow              Conj/Erth      100%       3d13      1%          3
 Summon Guardian Golem    Hex/Summ       21%        N/A       1%          3
 Swiftness                Air            22%        N/A       1%          3
 Teleport Other           Tloc           21%        N/A       1%          3
 Tukima's Dance           Hex            21%        N/A       1%          3
 Anguish                  Hex/Necr       33%        N/A       1%          4
 Corpse Rot               Necr/Pois/Air  63%        N/A       1%          4
 Hailstorm                Conj/Ice       49%        3d11      1%          4
 Petrify                  Tmut/Erth      75%        N/A       1%          4
 Summon Ice Beast         Ice/Summ       48%        N/A       1%          4
 Alistair's Intoxication  Tmut/Pois      44%        N/A       1%          5
 Borgnjor's Vile Clutch   Necr/Erth      41%        N/A       1%          5
 Lee's Rapid Deconstruct  Erth           35%        3d19*     1%          5
 Metabolic Englaciation   Hex/Ice        24%        N/A       1%          5
 Simulacrum               Ice/Necr       40%        N/A       1%          6
 Borgnjor's Revivificati  Necr           47%        N/A       1%          8
 Infestation              Necr           47%        N/A       1%          8
 Call Canine Familiar     Summ           20%        N/A       2%          3
 Haunt                    Necr/Summ      33%        N/A       4%          7
 Death's Door             Necr           47%        N/A       4%          9
 Airstrike                Air            11%        N/A       6%          4
 Cause Fear               Hex            10%        N/A       6%          4
 Flame Wave               Conj/Fire      22%        2d7       6%          4
 Fulminant Prism          Conj/Hex       10%        3d9       6%          4
 Iskenderun's Mystic Bla  Conj/Tloc      21%        2d6       6%          4
 Sticky Flame             Conj/Fire      22%        2d4       6%          4
 Fireball                 Conj/Fire      11%        3d7       16%         5
 Lightning Bolt           Conj/Air       11%        1d24      16%         5
 Iskenderun's Battlesphe  Conj           21%        2d7       17%         5
 Summon Forest            Summ/Tloc      10%        N/A       17%         5
 Summon Mana Viper        Hex/Summ       21%        N/A       17%         5
 Conjure Ball Lightning   Conj/Air       11%        3x3d6     61%         6
 Starburst                Conj/Fire      11%        6d5       61%         6
 Dispersal                Tloc           10%        N/A       63%         6
 Lehudib's Crystal Spear  Conj/Erth      26%        10d7      92%         8
 Orb of Destruction       Conj           10%        9d6       98%         7
 Spellforged Servitor     Conj/Summ      10%        N/A       99%         7
 Summon Hydra             Summ           10%        N/A       99%         7
 Discord                  Hex            10%        N/A       100%        8
 Maxwell's Capacitive Co  Air            11%        ∞         100%        8
 Dragon's Call            Summ           10%        N/A       100%        9
 Animate Armour           Summ/Erth      Unusable   N/A       N/A         4

Dungeon Overview and Level Annotations

Branches:
Dungeon (15/15)            Temple (1/1) D:6            Lair (6/6) D:8
  Swamp (4/4) Lair:3       Spider (4/4) Lair:3        Slime (0/5) Lair:6
    Orc (2/2) D:9             Elf (3/3) Orc:2        Vaults (3/5) D:14
  Crypt (0/3) Vaults:2     Depths (0/4) D:15          IceCv (visited)
Volcano (visited)         Desolation (visited)

Altars:
Ashenzari
Cheibriados
Dithmenos
Elyvilon
Fedhas
Gozag
Hepliaklqana
Kikubaaqudgha
Makhleb
Nemelex Xobeh
Okawaru
Qazlal
Ru
Sif Muna
Trog
Uskayaw
Vehumet
Wu Jian
Xom
Yredelemnul
Zin
The Shining One
Jiyva

Shops:
D:9 *   D:12 ?[=   Orc:2 (?[:   Vaults:1 [   Vaults:2 [(

Annotations:
D:3 1 runed translucent door
D:6 exclusion: steam dragon
D:9 3 runed translucent doors, GraveyardiganJr's ghost, novice MeEE
Lair:6 1 runed translucent door
Spider:1 3 runed translucent doors, tabacat's ghost, journeyman DrCj
Orc:1 3 runed translucent doors, Xogheode's ghost, journeyman TrBe


Innate Abilities, Weirdness & Mutations

You are a living statue of rough stone.
Your actions are slow, but your melee attacks are powerful.
You are resistant to unholy torment.
Your maximum health is greatly increased.
You are immune to poison.
You cannot wear most types of armour.
You are amphibious.
You can wear up to eight rings at the same time.
Your skin changes colour to match your surroundings (Stealth+).
((Your rubbery body absorbs attacks. (AC +1, EV +1)))
((You are camouflaged when in or above water. (Stealth+)))
You have tentacles for arms and can constrict up to eight enemies at once.


Message History

The storm dragon barely misses you.
The storm dragon tramples you but does no damage.
Unknown command.
You completely miss the storm dragon.
You squeeze the storm dragon, but do no damage.
The storm dragon is moderately wounded.
The storm dragon completely misses you. The storm dragon barely misses you.
The storm dragon completely misses you.
An ironbound convoker breaks down the door.
Unknown command.
You thrash the storm dragon!!! You squeeze the storm dragon!
The storm dragon is severely wounded.
The storm dragon breathes lightning at you.
The bolt of lightning misses you.
The ironbound convoker casts a spell at something.
Unknown command.
You completely miss the storm dragon.
The storm dragon is severely wounded.
The ironbound convoker looks more healthy.
The storm dragon breathes lightning at you.
The bolt of lightning misses you. The vault warden misses you.
The storm dragon bites you but does no damage.
The storm dragon misses you. The storm dragon tramples you!
* * * LOW HITPOINT WARNING * * *
You stumble backwards!
You tentacle-slap the storm dragon.
The storm dragon is severely wounded.
The storm dragon breathes lightning at you.
The bolt of lightning hits you. You resist.
* * * LOW HITPOINT WARNING * * *
Unknown command.
As you read the scroll of teleportation, it crumbles to dust.
You feel strangely unstable.
You howl as the wereblood boils in your veins!
The storm dragon barely misses you. The storm dragon claws you.
* * * LOW HITPOINT WARNING * * *
The storm dragon tramples you!
* * * LOW HITPOINT WARNING * * *
You hold your ground!
The storm dragon bites you!!
You die...

#......####### , , ,, , , ,,
#......####### * * *''**
#..<...#.....# , , ,,,,
'......#.....# ,,, { , ,,,,
#......#.....# #+#### * * *
#......#.....# #{...#., , ,
#......'..)..###.e[.#.,, , +,, ,
######'##'#########'####### ** *
######.......###8DT........, ,,
######.......###p.p)...........p.
...###.......###++###############
[..###.......# #.................
#)####.......# #.............))).
...###.......# ##############).##
.).###.......# ##############'###
############## #.................
...## #.................


You could see a storm dragon (strong, poisoned, catching breath), a vault warden
(strong, poisoned), a deep elf death mage (wandering, strong), a deep troll
(strong) and an ironbound convoker.

Vanquished Creatures
  Mara (Vaults:3)
  the Lernaean hydra (Swamp:4)
  Rupert (Lair:6)
  Asterion (Elf:3)
  5 deep elf blademasters
  Gastronok (D:8)
  A thorn hunter (Swamp:3)
  A tengu reaver (Vaults:3)
  Donald (Orc:2)
  Roxanne (Swamp:4)
  A fire giant (Vaults:3)
  7 emperor scorpions
  7 deep elf sorcerers (Elf:3)
  3 vault wardens
  Louise (Elf:3)
  3 imperial myrmidons (Desolation)
  4 ghost moths (Spider:4)
  5 deep elf elementalists (Elf:3)
  10 ironbound preservers
  4 stone giants (Vaults:2)
  A broodmother (Spider:3)
  4 very ugly things
  4 eleionomae
  A war gargoyle (Vaults:2)
  7 ironbound thunderhulks
  12 entropy weavers
  2 deep elf demonologists (Elf:3)
  11 deep elf annihilators (Elf:3)
  15 dire elephants
  3 halazid warlocks (Desolation)
  3 bunyips
  3 spark wasps (Spider:4)
  3 crystal guardians
  A fire dragon (D:15)
  4 deep elf death magi
  An eidolon (Vaults:2)
  2 ettins
  10 deep elf high priests (Elf:3)
  5 yaktaur captains
  5 ragged hierophants (Desolation)
  5 great orbs of eyes (Vaults:2)
  8 servants of whispers (Desolation)
  6 vault guards (Vaults:3)
  19 hydras
  7 boulder beetles
  2 ghost crabs (Swamp:3)
  6 peacekeepers
  3 jorogumos
  3 ogre magi
  A radroach (Spider:4)
  11 two-headed ogres
  13 death yaks (Lair:6)
  An ironbound frostheart (Vaults:1)
  2 alligators
  23 dancing weapons
  15 centaur warriors
  A tengu warrior (D:15)
  3 catoblepae (Lair:6)
  A deep troll earth mage (Vaults:2)
  23 slime creatures
  A hell knight (Vaults:3)
  A large abomination (Elf:1)
  13 deep elf knights
  9 spriggans
  Amaemon (D:8)
  The ghost of hgbash the Stinger, a novice GrVM of Sif Muna (D:10)
  8 pharaoh ants
  24 deep trolls
  6 spriggan druids
  4 skeletal warriors (D:14)
  5 goliath frogs
  6 steelbarb worms
  A sun moth (Spider:1)
  A glowing orange brain (shapeshifter) (Vaults:2)
  11 orb spiders
  An orange crystal statue (D:15)
  12 swamp dragons
  11 bog bodies
  14 deep elf archers
  14 ironbound convokers
  25 deep elf pyromancers
  Pikel (D:5)
  31 wolf spiders
  3 wizards
  4 lindwurms
  6 necromancers
  18 deep elf zephyrmancers
  3 phantasmal warriors (Vaults:2)
  2 orc knights
  A human zombie (Vaults:3)
  3 orc sorcerers
  6 cyclopes
  9 elephants
  25 ugly things
  5 manticores
  8 will-o-the-wisps
  3 naga magi (D:15)
  A moth of wrath (shapeshifter) (D:15)
  A moth of wrath (Spider:2)
  5 guardian serpents
  6 vault sentinels
  7 black mambas
  12 cane toads
  A smoke demon (Volcano)
  A torpor snail (Spider:3)
  An orange demon (D:8)
  An unseen horror (shapeshifter) (D:14)
  8 komodo dragons
  A kobold demonologist (D:10)
  31 yaktaurs
  6 demonic crawlers
  2 rime drakes
  3 tengu conjurers
  An efreet (D:14)
  A freezing wraith (D:12)
  A meliai (Lair:3)
  37 tarantellas
  13 trolls
  2 bloated husks (Swamp:3)
  A queen bee (shapeshifter) (D:15)
  Grinder (D:5)
  11 tyrant leeches
  16 hornets
  15 blink frogs
  47 saltlings
  A slime creature (shapeshifter) (Vaults:2)
  A centaur simulacrum (D:15)
  2 water elementals (Elf:3)
  2 air elementals (Elf:2)
  27 jumping spiders
  An elf simulacrum (Vaults:3)
  18 culicivoras
  5 wraiths
  4 wyverns
  A steam dragon (D:9)
  72 yaks
  51 redbacks
  A human (shapeshifter) (Elf:1)
  3 vampire mosquitoes (Swamp:2)
  6 basilisks
  Menkaure (D:4)
  2 wargs (Orc:1)
  2 acid dragons
  19 swamp worms
  17 water moccasins
  A floating eye (Vaults:3)
  3 hell hounds (Volcano)
  An ice beast (D:6)
  4 black bears
  10 swamp drakes
  24 orc warriors
  2 sky beasts (D:6)
  21 wolves
  A deep troll simulacrum (Vaults:3)
  26 ogres
  4 boggarts
  A phantom (D:6)
  12 centaurs
  A lemure (D:5)
  4 elf zombies (Elf:1)
  9 kobold brigands
  12 bullfrogs
  3 necrophages
  An earth elemental (Elf:2)
  3 wights (D:9)
  A jelly (D:5)
  5 killer bees
  3 howler monkeys
  3 electric eels
  4 hounds
  18 orc priests
  Ijyb (D:3)
  2 gnoll shamans
  A human skeleton (D:3)
  Jessica (D:2)
  Natasha (thrice) (D:2)
  6 iguanas
  30 orc wizards
  2 boggart skeletons (D:15)
  2 boggart simulacra (D:15)
  6 adders
  7 gnolls (D:7)
  3 shadow imps
  A white imp (D:5)
  2 ufetubi
  3 worms
  3 dart slugs (D:1)
  97 orcs
  8 ball pythons
  6 bats
  7 endoplasms
  7 giant cockroaches
  11 goblins
  10 hobgoblins
  4 jackals (D:1)
  10 kobolds
  3 frilled lizards
  6 rats
  A briar patch (Swamp:3)
1495 creatures vanquished.

Vanquished Creatures (others)
  A deep elf pyromancer (Elf:2)
  A deep elf zephyrmancer (Elf:2)
  3 bloated husks
  A tyrant leech (Swamp:4)
  2 spriggans (Swamp:4)
  A swamp worm (Swamp:4)
  A kobold brigand (D:14)
  An orc (Orc:1)
  A ball python (D:3)
  A briar patch (Swamp:3)
  34 foxfires
  47 fungi
  70 plants
164 creatures vanquished.

Grand Total: 1659 creatures vanquished

Notes
Turn   | Place    | Note
-------+----------+-------------------------------------------
     0 | D:1      | ytrimaz the Octopode Transmuter began the quest for the
                  | Orb.
     0 | D:1      | Reached XP level 1. HP: 13/13 MP: 3/3
   284 | D:1      | Reached XP level 2. HP: 7/18 MP: 5/5
   794 | D:1      | Reached XP level 3. HP: 13/23 MP: 6/6
   797 | D:1      | Learned a level 2 spell: Wereblood
  1340 | D:1      | Found a faded altar of an unknown god.
  1766 | D:2      | Noticed Natasha
  1770 | D:2      | Killed Natasha
  1771 | D:2      | Reached XP level 4. HP: 24/28 MP: 5/7
  1832 | D:2      | Noticed Jessica
  1838 | D:2      | Reached skill level 5 in Unarmed Combat
  1841 | D:2      | Killed Jessica
  1982 | D:2      | Noticed Natasha
  2132 | D:2      | Killed Natasha
  2133 | D:2      | Reached XP level 5. HP: 18/33 MP: 8/8
  2202 | D:2      | Noticed Natasha
  2283 | D:2      | Killed Natasha
  2453 | D:2      | Identified a scroll of acquirement
  2453 | D:2      | Acquired 848 gold pieces
  3134 | D:3      | Learned a level 3 spell: Spider Form
  3282 | D:3      | Reached XP level 6. HP: 35/38 MP: 9/9
  3337 | D:3      | Noticed Ijyb
  3345 | D:3      | Killed Ijyb
  3550 | D:3      | Identified the +0 pair of boots of Dust Devil {Harm rF+
                  | Dex-5}
  3554 | D:3      | Found a runed translucent door.
  3554 | D:3      | Noticed a human
  3563 | D:3      | Found a basalt altar of Yredelemnul.
  3711 | D:3      | Found a white marble altar of Elyvilon.
  3717 | D:3      | Found a sparkling altar of Nemelex Xobeh.
  3724 | D:3      | Found a hazy altar of Hepliaklqana.
  3724 | D:3      | Found a shimmering blue altar of Sif Muna.
  3734 | D:3      | Found a shadowy altar of Dithmenos.
  3919 | D:4      | Noticed Menkaure
  3939 | D:4      | Killed Menkaure
  4371 | D:4      | Reached XP level 7. HP: 43/43 MP: 8/10
  4919 | D:4      | Reached skill level 1 in Poison Magic
  5153 | D:5      | Entered Level 5 of the Dungeon
  5225 | D:5      | Learned a level 4 spell: Ice Form
  5412 | D:5      | Noticed Grinder
  5432 | D:5      | Killed Grinder
  5433 | D:5      | Reached XP level 8. HP: 48/48 MP: 11/11
  5802 | D:5      | Noticed Pikel
  5823 | D:5      | Killed Pikel
  5824 | D:5      | Reached skill level 5 in Dodging
  6332 | D:6      | Reached XP level 9. HP: 43/53 MP: 8/12
  6390 | D:6      | Found a staircase to the Ecumenical Temple.
  6401 | D:6      | Found the +18 Lear's hauberk
  6424 | Temple   | Entered the Ecumenical Temple
  8340 | D:7      | Found a glowing silver altar of Zin.
  8460 | D:7      | Reached skill level 10 in Dodging
  8901 | D:7      | Reached XP level 10. HP: 56/60 MP: 13/13
  9170 | D:7      | Learned a level 3 spell: Ozocubu's Armour
  9440 | D:8      | Reached skill level 5 in Ice Magic
  9819 | D:8      | Noticed Gastronok
  9854 | D:8      | Killed Gastronok
 10209 | D:8      | Found a shimmering altar of Xom.
 10438 | D:8      | Found a staircase to the Lair.
 10495 | D:8      | Noticed Amaemon
 10495 | D:8      | Noticed an orange demon
 10515 | D:8      | Killed an orange demon
 10516 | D:8      | Reached skill level 5 in Fighting
 10550 | D:8      | Killed Amaemon
 11310 | D:9      | Found a runed translucent gate.
 11311 | D:9      | Found a runed translucent gate.
 11312 | D:9      | Found a runed translucent gate.
 11313 | D:9      | Noticed GraveyardiganJr's ghost (novice MeEE)
 11324 | D:9      | Found Ejoss's General Store.
 11333 | D:9      | Reached XP level 11. HP: 72/74 MP: 10/14
 11594 | D:9      | Found a staircase to the Orcish Mines.
 11906 | D:9      | Found a broken altar of Ashenzari.
 11913 | D:9      | Became a worshipper of Ashenzari the Shackled
 12371 | D:10     | Entered Level 10 of the Dungeon
 13049 | D:10     | Identified the cursed +2 hat "Lashed Regret" {Will+, Alch,
                  | Bglg} (You took it off Gastronok on level 8 of the Dungeon)
 13079 | D:10     | Found a runed translucent gate.
 13079 | D:10     | Found a runed translucent gate.
 13079 | D:10     | Found a runed translucent gate.
 13082 | D:10     | Noticed hgbash's ghost (novice GrVM)
 13420 | D:10     | Noticed a two-headed ogre
 13450 | D:10     | Killed a two-headed ogre
 13791 | D:11     | Reached * piety under Ashenzari
 13945 | D:11     | Noticed a boulder beetle
 14140 | D:11     | Reached skill level 5 in Transmutations
 14804 | D:12     | Found Acwuskau's Jewellery Shoppe.
 14832 | D:12     | Bought the ring "Pokaq" {Wiz rPois Dex+5} for 775 gold
                  | pieces
 14835 | D:12     | Bought a ring of wizardry for 450 gold pieces
 14865 | D:12     | Noticed a five-headed hydra
 14927 | D:12     | Noticed a boulder beetle
 14964 | D:12     | Killed a boulder beetle
 15328 | D:12     | Noticed a two-headed ogre
 15337 | D:12     | Killed a two-headed ogre
 15546 | D:12     | Reached XP level 12. HP: 85/85 MP: 14/19
 15635 | D:12     | Found Wubeck's Magic Scroll Boutique.
 15636 | D:12     | Found Yqouw's Armour Emporium.
 15756 | D:12     | Killed a five-headed hydra
 15757 | D:12     | Reached skill level 5 in Spellcasting
 15908 | D:12     | Found a sparkling altar of Nemelex Xobeh.
 16075 | Lair:1   | Entered Level 1 of the Lair of Beasts
 16999 | Lair:2   | Learned a level 6 spell: Statue Form
 17164 | Lair:2   | Identified the ring "Xatt" {Will+ Stlth+}
 17200 | Lair:2   | Noticed a six-headed hydra
 17204 | Lair:2   | Killed a six-headed hydra
 17960 | Lair:3   | Found a staircase to the Swamp.
 18035 | Lair:3   | Found a hole to the Spider Nest.
 18168 | Lair:3   | Reached skill level 10 in Spellcasting
 18574 | Lair:3   | Reached ** piety under Ashenzari
 18581 | Lair:3   | Reached XP level 13. HP: 90/92 MP: 24/28
 18708 | Lair:3   | Reached skill level 1 in Earth Magic
 19780 | Spider:1 | Entered Level 1 of the Spider Nest
 20263 | Lair:4   | Found a dark tunnel.
 20293 | Volcano  | Entered a volcano
 21025 | Lair:4   | Reached *** piety under Ashenzari
 21219 | Lair:4   | Reached skill level 5 in Earth Magic
 21760 | Lair:5   | Reached skill level 10 in Transmutations
 22201 | Lair:6   | Entered Level 6 of the Lair of Beasts
 22248 | Lair:6   | Reached XP level 14. HP: 99/99 MP: 21/30
 22931 | Lair:6   | Noticed Rupert
 22942 | Lair:6   | Killed Rupert
 23291 | Lair:6   | Found a runed translucent door.
 23292 | Lair:6   | Found a viscous altar of Jiyva.
 23292 | Lair:6   | Noticed an acid blob
 23294 | Lair:6   | Found a staircase to the Slime Pits.
 23294 | Lair:6   | Noticed an acid blob
 23462 | Lair:6   | Reached **** piety under Ashenzari
 23810 | Lair:6   | Upgraded the game from 0.29-a0-648-g6b26cc9f40 to
                  | 0.29-a0-653-gd47aff6735
 24271 | D:13     | Learned a level 7 spell: Dragon Form
 24667 | D:13     | Reached XP level 15. HP: 108/108 MP: 31/31
 24776 | D:13     | Reached skill level 10 in Fighting
 25635 | D:14     | Found a frozen archway.
 25644 | IceCv    | Entered an ice cave
 26018 | D:14     | Reached skill level 1 in Stealth
 26536 | D:14     | Found a gate to the Vaults.
 26609 | D:15     | Entered Level 15 of the Dungeon
 27028 | D:15     | Reached ***** piety under Ashenzari
 27264 | D:15     | Found a runed translucent door.
 27265 | D:15     | Identified the Papyrus of Orientation
 27423 | D:15     | Found a staircase to the Depths.
 27719 | D:9      | Learned a level 4 spell: Leda's Liquefaction
 27720 | Orc:1    | Entered Level 1 of the Orcish Mines
 27720 | Orc:1    | Found a runed translucent gate.
 27720 | Orc:1    | Found a runed translucent gate.
 27720 | Orc:1    | Found a runed translucent gate.
 27721 | Orc:1    | Noticed an orc warlord
 27724 | Orc:1    | Noticed Xogheode's ghost (journeyman TrBe)
 28724 | Orc:2    | Entered Level 2 of the Orcish Mines
 28724 | Orc:2    | Identified the +3 kite shield of the Unseen Realm {Str+3}
 28724 | Orc:2    | Noticed Donald
 28729 | Orc:2    | Killed Donald
 28772 | Orc:2    | Found a burning altar of Makhleb.
 28830 | Orc:2    | Found Sanoxtiv's Armour Shoppe.
 28840 | Orc:2    | Reached XP level 16. HP: 122/122 MP: 28/34
 28853 | Orc:2    | Reached skill level 5 in Stealth
 28878 | Orc:2    | Paralysed by an ogre mage for 4 turns
 28902 | Orc:2    | Found Esele's Book Emporium.
 28903 | Orc:2    | Found Deogap's Magic Scroll Boutique.
 28909 | Orc:2    | Found Timyreh's Weapon Emporium.
 28921 | Orc:2    | Bought a Necronomicon for 840 gold pieces
 29014 | Orc:2    | Bought a scroll of amnesia for 45 gold pieces
 29014 | Orc:2    | Bought a scroll of teleportation for 39 gold pieces
 29014 | Orc:2    | Bought a scroll of poison for 45 gold pieces
 29014 | Orc:2    | Bought a scroll of magic mapping for 45 gold pieces
 29014 | Orc:2    | Bought a scroll of poison for 45 gold pieces
 29584 | Orc:2    | Found a staircase to the Elven Halls.
 29633 | Orc:2    | Learned a level 8 spell: Necromutation
 29715 | D:10     | Killed hgbash's ghost
 30098 | D:15     | Learned a level 6 spell: Eringya's Noxious Bog
 30410 | Swamp:1  | Entered Level 1 of the Swamp
 32315 | Swamp:3  | Identified the ring "Ogerom" {Fire Dex+4}
 32683 | Swamp:3  | Noticed a thorn hunter
 32709 | Swamp:3  | Killed a thorn hunter
 33032 | Swamp:3  | Reached XP level 17. HP: 132/132 MP: 31/36
 33155 | Swamp:4  | Entered Level 4 of the Swamp
 33281 | Swamp:4  | Noticed Roxanne
 33298 | Swamp:4  | Killed Roxanne
 34136 | Swamp:4  | Noticed the 27-headed Lernaean hydra
 34149 | Swamp:4  | Killed the 27-headed Lernaean hydra
 34496 | Swamp:4  | Got a decaying rune of Zot
 35204 | Spider:1 | Reached skill level 15 in Fighting
 35637 | Spider:1 | Found the +2 cloak of the Thief {*Fog Slay-2 SInv Stlth+}
 35947 | Spider:1 | Reached XP level 18. HP: 145/145 MP: 29/39
 35995 | Spider:1 | Found a runed translucent gate.
 35995 | Spider:1 | Found a runed translucent gate.
 35995 | Spider:1 | Found a runed translucent gate.
 35995 | Spider:1 | Noticed tabacat's ghost (journeyman DrCj)
 36393 | Spider:2 | Identified the +1 scale mail of Zousidarr {Rampage Will+}
 36481 | Spider:2 | Reached skill level 1 in Necromancy
 36761 | Spider:2 | Reached skill level 2 in Necromancy
 36797 | Spider:2 | Reached skill level 3 in Necromancy
 36984 | Spider:2 | Reached skill level 4 in Necromancy
 37149 | Spider:2 | Reached skill level 5 in Necromancy
 37411 | Spider:3 | Reached skill level 6 in Necromancy
 37668 | Spider:3 | Learned a level 4 spell: Olgreb's Toxic Radiance
 37780 | Spider:3 | Reached skill level 7 in Necromancy
 37948 | Spider:3 | Reached skill level 8 in Necromancy
 38285 | Spider:4 | Entered Level 4 of the Spider Nest
 38791 | Spider:4 | Reached skill level 9 in Necromancy
 39147 | Spider:4 | Reached skill level 10 in Necromancy
 39850 | Spider:4 | Reached skill level 11 in Necromancy
 40263 | Spider:4 | Reached XP level 19. HP: 152/152 MP: 32/40
 40464 | Spider:4 | Got a gossamer rune of Zot
 40867 | Elf:1    | Entered Level 1 of the Elven Halls
 40880 | Elf:1    | Reached skill level 12 in Necromancy
 41036 | Elf:1    | Found an ancient bone altar of Kikubaaqudgha.
 41427 | Elf:1    | Identified the Tome of Unholy Rituals
 41814 | Elf:1    | Identified the +1 ring mail of the Untouchables {Fly rF-
                  | Str+6 Dex-4}
 42433 | Elf:2    | Reached skill level 13 in Necromancy
 42865 | Elf:2    | Paralysed by an air elemental for 1 turns
 42955 | Elf:2    | Reached skill level 14 in Necromancy
 42958 | Elf:2    | Found a runed translucent gate.
 42959 | Elf:2    | Found a runed translucent gate.
 42959 | Elf:2    | Found a runed translucent gate.
 43625 | Elf:2    | Reached skill level 15 in Necromancy
 43952 | Elf:3    | Entered Level 3 of the Elven Halls
 44026 | Elf:3    | Noticed Louise
 44044 | Elf:3    | Killed Louise
 44696 | Elf:3    | Noticed Asterion
 44706 | Elf:3    | Killed Asterion
 44851 | Elf:3    | Reached skill level 16 in Necromancy
 44973 | Elf:3    | Reached XP level 20. HP: 98/158 MP: 34/41
 45449 | Elf:3    | Reached skill level 17 in Necromancy
 45814 | Elf:3    | Identified the +2 helmet of Pantheism {rElec rC- Will+}
 45818 | Elf:3    | Identified the +0 mace of the Muttering Gods {protect, rN+
                  | Int+4 Dex+2}
 45822 | Elf:3    | Identified the +7 falchion of Husiucw {vorpal, Fragile
                  | Will+ Str+3 Stlth+}
 45827 | Elf:3    | Identified the +2 ring mail of Teneahoho {rF- rC++ rN+}
 45834 | Elf:3    | Identified the Disquisition on Ice
 45836 | Elf:3    | Identified the Papyrus of the Dropbear
 45870 | Elf:3    | Identified the Incunabulum of the Ancient Lives
 46435 | Vaults:1 | Entered Level 1 of the Vaults
 46450 | Vaults:1 | Found Piunkuic's Antique Armour Emporium.
 46504 | Vaults:1 | Found a crumbling gateway.
 46523 | Desolati | Entered the Desolation of Salt
 46551 | Desolati | Reached skill level 18 in Necromancy
 46599 | Desolati | Identified the Almanac of Noxious Hexes
 46665 | Desolati | Identified the amulet of the Peasants {Reflect Harm SH+5}
 46848 | Desolati | Identified the Incunabulum of Contamination and Darkness
 46864 | Desolati | Identified the ring of Jaz Maqe {rElec rPois rF+ Dex-2}
 47285 | Desolati | Reached skill level 19 in Necromancy
 47502 | Desolati | Identified the +0 gold dragon scales "Pacwawki" {+Blink
                  | rPois rF+ rC+ Str-5 Dex+6}
 47504 | Desolati | Found the +5 robe of Night {Dark Will+ SInv}
 47515 | Desolati | Identified the +1 long sword "Octopus's Death" {freeze,
                  | rElec rC- Str+3 Dex+5}
 48062 | Vaults:1 | Reached XP level 21. HP: 164/164 MP: 40/42
 48244 | Vaults:1 | Reached skill level 20 in Necromancy
 49172 | Vaults:2 | Reached skill level 21 in Necromancy
 49205 | Vaults:2 | Found Cuchazih's Armour Boutique.
 50208 | Vaults:2 | Found Acsabofef's Antique Weapon Emporium.
 50340 | Vaults:2 | Reached skill level 22 in Necromancy
 50412 | Vaults:2 | Found a staircase to the Crypt.
 51383 | Vaults:3 | Noticed Mara
 51404 | Vaults:3 | Noticed ytrimaz's illusion
 51406 | Vaults:3 | Killed Mara
 51950 | Vaults:3 | Reached skill level 10 in Unarmed Combat
 51950 | Vaults:3 | Reached XP level 22. HP: 171/171 MP: 39/43
 52754 | Vaults:3 | Acquired 1181 gold pieces
 52851 | Vaults:3 | Identified the ring "Zoqanik" {rPois rCorr Str+6}
 52991 | Vaults:3 | Paralysed by a floating eye for 2 turns
 53009 | Vaults:3 | Mangled by a storm dragon

Illustrated notes

Levels and vault maps discovered:
D:1:      dpeg_arrival_shrine, layout_basic,
          chequers_ecumenical_altar_simple_redux
D:2:      layout_loops_cross, minmay_misc_feat_tiny, uniq_natasha, uniq_jessica
D:3:      layout_rooms, dk_yredelemnul_ordeal,
          nicolae_overflow_hallway_of_the_gods, kennysheep_pointless_box,
          minmay_misc_feat_cross, kennysheep_generic_room_15, uniq_ijyb
D:4:      layout_gridville, serial_glass, glass_columns_c, glass_columns_c,
          uniq_menkaure
D:5:      layout_gridville, uniq_grinder, uniq_pikel
D:6:      cheibrodos_barr_body, layout_rooms, minmay_temple_entry_sparse_star
D:7:      layout_loops_ring, mainiacjoe_overflow_chevrons
D:8:      layout_loops_ring, old_standard_altar, lair_entry_dummy, minmay_puff,
          uniq_amaemon, uniq_gastronok
D:9:      layout_loops_ring, ashenzari_altar_1, erik_orc_3,
          ebering_ghost_rock_garden, serial_shops, shop
D:10:     layout_layer_cave, gammafunk_ghost_nasty_kobolds
D:11:     layout_basic
D:12:     layout_basic, serial_shops, nicolae_shop_stone,
          nicolae_wooded_promenade, nemelex_diamond_rough_becter
D:13:     layout_loops_ring
D:14:     layout_roguey, hangedman_vaults_entry_quadrant_bands,
          portal_ice_cave_entry_pillars_1, st_stairs_6
D:15:     grunt_enter_depths_magical_seal, layout_loops_ring,
          minmay_misc_feat_tower, minmay_crystal_box
Temple:   dshaligram_water_room_temple
Lair:1:   layout_cellular_growth
Lair:2:   layout_roguey, grunt_megastairs_2
Lair:3:   layout_regular_city, minmay_swamp_entry_reptiles,
          hellmonk_spider_entry_not_the_bees, beast_lair_carwin_4
Lair:4:   layout_cave_pods, nicolae_volcano_entry_lava_flow,
          minmay_shattered_shrine
Lair:5:   layout_long_grid, grunt_megastairs_1, lemuel_fruit_fields
Lair:6:   evilmike_catoblepas_cave, layout_cellular_growth, slime_altar_2,
          uniq_rupert
Swamp:1:  layout_falls_marsh, hangedman_swamp_ruin_wall, swamp_pool3
Swamp:2:  layout_basic_swamp, infiniplex_staircase_pool,
          hangedman_swamp_wriggling
Swamp:3:  layout_falls_marsh, evilmike_swamp_ruin_rubble_2, swamp_pool2,
          nicolae_swamp_stuck_in_the_mud
Swamp:4:  grunt_swamp_rune_castle, layout_basic_swamp, uniq_roxanne
Spider:1: cheibrodos_spider_silkery, gammafunk_ghost_necromancy,
          nicolae_spider_nooks_and_crannies
Spider:2: layout_spider_delve
Spider:3: layout_spider_delve
Spider:4: spider_rune_water, nicolae_spider_stair_cavern
Orc:1:    minmay_goldmine, layout_caves, gammafunk_ghost_split
Orc:2:    st_orc_open, layout_caves, bloody_makhleb, uniq_donald
Elf:1:    elf_arrival_002, layout_onion_city, basic_altar, minmay_elf_necromancy
Elf:2:    nicolae_elf_blades_crystal_corner, layout_geoelf_grid
Elf:3:    minmay_elf_hall_hex, layout_geoelf_castle, grunt_ministairs_2,
          uniq_louise, uniq_asterion
Vaults:1: portal_desolation_entry_salt, vaults_standard_mumra_enter_the_diamond,
          hangedman_vaults_pinch, ontoclasm_vaults_shuriken, v_rooms_4,
          hangedman_vaults_corner, nicolae_vaults_ring_of_whatevers,
          vaults_room_fours, vaults_room_door_hall, layout_vaults_omnicross,
          serial_shops, shop
Vaults:2: hangedman_vaults_variations, minmay_crypt_entry_simple_walls,
          vaults_mumra_chevron, v_misc_13, st_octagons_1, v_pattern_5,
          vaults_dpeg_encased_lava, vaults_dpeg_diagonal,
          nicolae_vaults_yaktaur_gun_rack, nicolae_vaults_little_ls,
          dpeg_vaults_monster_box, nicolae_vaults_little_squares_1,
          layout_vaults_omnigrid, serial_shops, nicolae_shop_crystal
Vaults:3: st_greater_box_4, v_misc_23, v_misc_11, v_misc_28, grunt_vaults_focal,
          ontoclasm_vaults_idyll, vaults_room_octagon,
          nicolae_vaults_network_periphery, nicolae_vaults_little_squares_2,
          ontoclasm_vaults_loading_screen, v_misc_13, nicolae_vaults_gold_heap,
          vaults_standard_mumra_x, layout_vaults_omnibox, uniq_mara

Skill      XL: |  1  2  3  4  5  6  7  8  9 10 11 12 13 14 15 16 17 18 19 20 21 22 |
---------------+-------------------------------------------------------------------+-----
Unarmed Combat | 4 5 6 7 8 10 11 | 11.6
Poison Magic   | 4 |  4.0
Dodging        | 3 6 10 12 13 | 13.6
Ice Magic      | 3 4 8 |  8.0
Fighting       | 2 6 9 12 13 16 | 16.7
Transmutations | 6 10 12 | 12.7
Spellcasting   | 4 10 12 13 | 13.6
Earth Magic    | 6 9 |  9.5
Stealth        | 4 8 |  8.5
Necromancy     | 11 16 19 22 | 22.1

Action                   |  1- 3 |  4- 6 |  7- 9 | 10-12 | 13-15 | 16-18 | 19-21 | 22-24 || total
-------------------------+-------+-------+-------+-------+-------+-------+-------+-------++-------
Melee: Unarmed           |    78 |    85 |   251 |   516 |   687 |   892 |   913 |    88 ||  3510
       Constrict         |    24 |    22 |    20 |     6 |    46 |   126 |   125 |    15 ||   384
       Tentacles         |    18 |    17 |    22 |     7 |   116 |   225 |   259 |    37 ||   701
       Kick              |     9 |    16 |    19 |       |       |       |       |       ||    44
       Punch             |     2 |     3 |     7 |     4 |    62 |   104 |    95 |    15 ||   292
       Tailslap          |       |       |       |       |    25 |    40 |    26 |       ||    91
       Bite              |       |       |       |       |    17 |    25 |    27 |       ||    69
 Cast: Beastly Appendage |     9 |    17 |    17 |       |       |       |       |       ||    43
       Spider Form       |       |       |    17 |     9 |       |       |       |       ||    26
       Ice Form          |       |       |     5 |    50 |     8 |       |       |       ||    63
       Wereblood         |       |       |     4 |    18 |    28 |    19 |    19 |     3 ||    91
       Ozocubu's Armour  |       |       |       |     9 |     7 |     5 |       |       ||    21
       Statue Form       |       |       |       |     3 |    65 |    96 |    85 |    13 ||   262
       Dragon Form       |       |       |       |       |    32 |    25 |    39 |       ||    96
       Leda's Liquefacti |       |       |       |       |       |     7 |     8 |       ||    15
       Eringya's Noxious |       |       |       |       |       |    31 |    42 |     3 ||    76
       Olgreb's Toxic Ra |       |       |       |       |       |    20 |    50 |    13 ||    83
       Necromutation     |       |       |       |       |       |     1 |     1 |     1 ||     3
Invok: Curse Item        |       |       |       |     4 |     5 |     1 |       |       ||    10
       Shatter the Chain |       |       |       |       |       |     1 |       |     1 ||     2
 Abil: Breathe Fire      |       |       |       |       |     2 |       |       |       ||     2
  Use: Scroll            |     2 |     6 |     6 |     4 |     2 |     6 |     2 |     2 ||    30
       Potion            |       |     1 |     1 |     2 |       |     5 |     1 |       ||    10
 Stab: Sleeping          |     2 |     7 |     2 |       |     6 |    20 |    21 |       ||    58
       Petrified         |       |       |       |       |     2 |       |       |       ||     2
       Confused          |       |       |       |       |       |     1 |       |       ||     1
Armor: Skin              |    18 |     6 |    22 |   126 |   305 |   741 |   569 |    86 ||  1873
Dodge: Dodged            |    97 |    58 |   210 |   558 |  1029 |  2252 |  1970 |   214 ||  6388

Table legend: (Time is in decaauts)
 A = Elapsed time spent in this place.
 B = Non-inter-level travel time spent in this place.
 C = Inter-level travel time spent in this place.
 D = Time resting spent in this place.
 E = Time spent auto-exploring this place.
 F = Levels seen in this place.
 G = Mean time per level.
                   A        B        C        D        E       F      G
               +--------+--------+--------+--------+--------+-----+--------+
         Total |  58256 |  55573 |   2683 |   5632 |  37258 |  41 | 1420.9 |
       Dungeon |  20718 |  19533 |   1185 |   2848 |  13117 |  15 | 1381.2 |
        Temple |     94 |     94 |      0 |      0 |     60 |   1 |   94.0 |
          Lair |   8642 |   8142 |    500 |    360 |   6300 |   6 | 1440.3 |
         Swamp |   5744 |   5607 |    137 |    620 |   3397 |   4 | 1436.0 |
   Spider Nest |   6820 |   6447 |    373 |    429 |   4386 |   4 | 1705.0 |
  Orcish Mines |   2020 |   1892 |    128 |      0 |   1355 |   2 | 1010.0 |
   Elven Halls |   5775 |   5534 |    241 |    820 |   3309 |   3 | 1925.0 |
        Vaults |   6602 |   6485 |    117 |    440 |   4370 |   3 | 2200.7 |
      Ice Cave |      7 |      7 |      0 |      0 |      0 |   1 |    7.0 |
       Volcano |    342 |    342 |      0 |      0 |    217 |   1 |  342.0 |
    Desolation |   1488 |   1488 |      0 |    114 |    746 |   1 | 1488.0 |
               +--------+--------+--------+--------+--------+-----+--------+

Top non-repeatable levels by time:
Spider:4: 2872 daAuts
Vaults:2: 2649 daAuts
   Elf:3: 2565 daAuts
 Swamp:4: 2329 daAuts
     D:8: 2125 daAuts
  Lair:6: 2023 daAuts
Vaults:1: 1980 daAuts
Vaults:3: 1972 daAuts
  Lair:3: 1926 daAuts
    D:10: 1893 daAuts
   Elf:2: 1771 daAuts
     D:1: 1732 daAuts
  Lair:4: 1659 daAuts
Desolation: 1488 daAuts
     D:7: 1480 daAuts
